 Dungeon Crawl Stone Soup version 0.26-a0-707-g31817bcca1 (webtiles) character file.

Game seed: 13286242554455514223

1178 Forecaster the Magician (level 8, -5/68 HPs)
             Began as a Naga Hedge Wizard on Oct 26, 2020.
             Was a Priest of Sif Muna.
             Slain by an orc warrior
             ... wielding a +0 trident
              (22 damage)
             ... on level 6 of the Dungeon.
             The game lasted 00:39:57 (6148 turns).

Forecaster the Magician (Naga Hedge Wizard)         Turns: 6148, Time: 00:39:57

Health: -5/68      AC:  7    Str: 12    XL:     8   Next: 42%
Magic:  9/16       EV: 10    Int: 17    God:    Sif Muna [***...]
Gold:   370        SH:  0    Dex: 11    Spells: 10/18 levels left

rFire    . . .     SeeInvis +   p - +8 falchion (elec)
rCold    + . .     Faith    +   (no shield)
rNeg     . . .     Spirit   .   C - +3 leather armour {rC+}
rPois    +         Reflect  .   c - +0 hat
rElec    .         Harm     .   (no cloak)
rCorr    .         Rampage  .   (no gloves)
MR       +....                  (no barding)
Stlth    ++........             N - amulet of faith
HPRegen  0.21/turn              U - ring of flight
MPRegen  0.15/turn              (no ring)

@: very slow
A: large, see invisible, deformed body, poison resistance, slowness 2, spit
poison 1, AC +2
a: Spit Poison, Channel Magic, Forget Spell, Renounce Religion, Evoke Flight


You were on level 6 of the Dungeon.
You worshipped Sif Muna.
Sif Muna was most pleased with you.
You visited 1 branch of the dungeon, and saw 6 of its levels.
You also visited: Ossuary.

You collected 370 gold pieces.

Inventory:

Hand Weapons
 a - a +0 dagger
 g - a +0 dagger
 p - a +8 falchion of electrocution (weapon)
 q - a +2 dagger of speed
 t - a +3 hand axe
 w - a +0 dagger
 x - a +0 dagger
 y - a +1 hand axe of electrocution
 z - a +0 dagger
 B - a +0 dagger
 D - a +0 dagger
 E - a +0 dagger
 F - a +0 shortbow of flaming
 H - a +1 whip of pain
 J - a +1 long sword of venom
 K - a +1 quarterstaff of speed
Missiles
 h - 24 poisoned darts (quivered)
Armour
 b - a +0 robe
 c - a +0 hat (worn)
 v - a +1 helmet
 C - a +3 leather armour of cold resistance (worn)
Jewellery
 d - an uncursed amulet of magic regeneration
 N - an amulet of faith (around neck)
 U - a ring of flight (left hand)
Wands
 A - a wand of random effects (22)
Scrolls
 f - 2 scrolls of noise {unknown}
 i - 5 scrolls of teleportation
 r - 3 scrolls of amnesia
 u - 5 scrolls of remove curse
 G - 2 scrolls of magic mapping {unknown}
 I - a scroll of immolation {unknown}
 L - 2 scrolls of random uselessness {unknown}
 M - 3 scrolls of enchant weapon
 O - a scroll of enchant armour {unknown}
 P - 2 scrolls of identify
 Q - a scroll of fog {unknown}
 S - a scroll of fear {unknown}
Potions
 e - 3 potions of heal wounds
 j - 2 potions of magic
 k - 5 potions of curing
 l - 3 potions of degeneration {unknown}
 m - a potion of invisibility {unknown}
 n - a potion of mutation {unknown}
 o - 2 potions of might {unknown}
 s - a potion of stabbing {unknown}
 R - 2 potions of haste {unknown}
 T - a potion of lignification {unknown}


   Skills:
 + Level 2.3 Fighting
 + Level 0.1(2.6) Short Blades
 + Level 4.3 Long Blades
 + Level 1.5 Armour
 + Level 2.4 Dodging
 + Level 4.4 Stealth
 + Level 5.7 Spellcasting
 + Level 3.1 Conjurations
 + Level 3.2 Summonings
 + Level 1.4 Translocations
 + Level 0.1 Fire Magic


You had 10 spell levels left.
You knew the following spells:

 Your Spells              Type           Power        Failure   Level
a - Magic Dart            Conj           ###.         4%          1
b - Call Imp              Summ           ###.....     7%          2
c - Blink                 Tloc           N/A          14%         2
d - Conjure Flame         Conj/Fire      ##......     26%         3

Your spell library contained the following spells:

 Spells                   Type           Power        Failure   Level
 Slow                     Hex            #.......     26%         2
 Mephitic Cloud           Conj/Pois/Air  #.......     32%         3
 Iskenderun's Battlesphe  Conj           ###.....     78%         5
 Bolt of Magma            Conj/Fire/Erth #.........   96%         5
 Iron Shot                Conj/Erth      ##........   100%        6
 Orb of Destruction       Conj           ###.......   100%        7
 Spellforged Servitor     Conj/Summ      ###.......   100%        7


Dungeon Overview and Level Annotations

Branches:
Dungeon (6/15)            Ossuary (visited)
 Temple: D:4-7

Altars:
Ashenzari
Okawaru
Qazlal
Sif Muna
Wu Jian
Xom
Zin
The Shining One


Innate Abilities, Weirdness & Mutations

You cannot wear boots.
Your serpentine skin is tough. (AC +2)
You have supernaturally acute eyesight. (SInv)
Armour fits poorly on your strangely shaped body.
Your system is resistant to poisons. (rPois)
You cover ground very slowly.
You can spit poison.


Message History

Your crimson imp hits the orc warrior but does no damage.
Your white imp hits the orc warrior but does no damage.
The orc warrior hits you from afar with a +0 trident!
The orc hits you but does no damage.
Your crimson imp hits the orc warrior but does no damage.
Your white imp hits the orc warrior but does no damage.
Your crimson imp hits the orc warrior but does no damage.
The orc warrior hits your crimson imp with a +0 trident!
Your crimson imp dies!
The orc warrior shouts!
The orc barely misses you.
Your white imp hits the orc warrior but does no damage.
Your crimson imp barely misses the orc warrior.
The orc warrior hits you from afar with a +0 trident!
* * * LOW HITPOINT WARNING * * *
The orc barely misses you.
Your white imp hits the orc warrior but does no damage.
Your crimson imp hits the orc warrior but does no damage.
The orc warrior hits you with a +0 trident!!
You die...

### #.....## ##
..## ##....## #
...## ##...###
#... # ....#
####...## #....
....####......##
#.....
....#....#####.##
...... #.....####
#..## #......
.....##
##.5##o......
####.#
##@o#....... #
### #..o5....#
#...[..###
#...##...# #....#
##..# #...## #..
....## . .....
.....


You could see an orc warrior, an orc, a friendly crimson imp (summoned) and a
friendly white imp (summoned).

Vanquished Creatures
  An ogre (D:6)
  A centaur (D:5)
  A bullfrog (D:6)
  A centaur zombie (D:5)
  A quasit (D:6)
  An orc priest (D:5)
  A jelly (D:4)
  A hound (D:5)
  Ijyb (D:4)
  3 orc wizards
  2 worker ants
  8 big kobold zombies (Ossuary)
  A hound skeleton (D:5)
  A mummy (Ossuary)
  Robin (D:4)
  3 gnolls (D:3)
  5 adders
  A white imp (D:5)
  3 worms
  3 dart slugs
  4 leopard geckos
  9 orcs
  5 spectral bats (Ossuary)
  4 ball pythons
  6 bats
  4 bat simulacra (Ossuary)
  2 giant cockroaches
  2 gnoll zombies (Ossuary)
  7 goblins
  9 hobgoblins
  A quokka (D:4)
  10 frilled lizards
  3 goblin simulacra (Ossuary)
  3 goblin zombies (Ossuary)
  4 hobgoblin zombies (Ossuary)
  3 kobolds
  7 kobold simulacra (Ossuary)
  6 kobold zombies (Ossuary)
  A leopard gecko skeleton (D:4)
  4 orc zombies (Ossuary)
  A quokka skeleton (D:3)
  13 rats
  4 rat simulacra (Ossuary)
  A spectral goblin (Ossuary)
  A spectral kobold (Ossuary)
  3 spectral rats (Ossuary)
157 creatures vanquished.

Vanquished Creatures (collateral kills)
  A phantom (D:4)
  An ogre (D:4)
  An orc priest (D:5)
  An orc wizard (D:5)
  An iguana (D:6)
  Terence (D:2)
  A worker ant (D:4)
  2 big kobold zombies (Ossuary)
  A gnoll (D:3)
  An ooze (D:4)
  A worm (D:6)
  6 orcs
  4 goblins (D:4)
  2 hobgoblins (D:4)
  2 quokkas
  A goblin zombie (Ossuary)
27 creatures vanquished.

Grand Total: 184 creatures vanquished

Notes
Turn   | Place    | Note
-------+----------+-------------------------------------------
     0 | D:1      | Forecaster the Naga Hedge Wizard began the quest for the
                  | Orb.
     0 | D:1      | Reached XP level 1. HP: 15/15 MP: 4/4
   146 | D:1      | Reached XP level 2. HP: 22/22 MP: 1/6
   150 | D:1      | Learned a level 2 spell: Call Imp
   153 | D:1      | Learned a level 2 spell: Blink
   845 | D:2      | Noticed Terence
   857 | D:2      | Killed Terence
   857 | D:2      | Reached XP level 3. HP: 28/28 MP: 1/8
  1088 | D:2      | Reached skill level 4 in Spellcasting
  1223 | D:2      | Reached XP level 4. HP: 30/36 MP: 0/10
  1905 | D:2      | Found a shimmering altar of Xom.
  2173 | D:2      | Found a shimmering blue altar of Sif Muna.
  2178 | D:2      | Became a worshipper of Sif Muna the Loreminder
  2182 | D:2      | Found a glowing golden altar of the Shining One.
  2185 | D:2      | Found an ornate altar of the Wu Jian Council.
  2568 | D:3      | Learned a level 3 spell: Conjure Flame
  2688 | D:3      | Reached XP level 5. HP: 42/42 MP: 7/11
  3078 | D:4      | Noticed an ogre
  3084 | D:4      | Killed an ogre
  3084 | D:4      | Reached skill level 1 in Long Blades
  3183 | D:4      | Reached XP level 6. HP: 45/50 MP: 8/13
  3243 | D:4      | Reached skill level 1 in Fighting
  3533 | D:4      | Noticed a phantom
  3557 | D:4      | Killed a phantom
  3557 | D:4      | Reached * piety under Sif Muna
  3631 | D:4      | Noticed Robin
  3650 | D:4      | Killed Robin
  4071 | D:4      | Noticed Ijyb
  4082 | D:4      | Killed Ijyb
  4082 | D:4      | Reached skill level 5 in Spellcasting
  4082 | D:4      | Reached XP level 7. HP: 47/57 MP: 14/14
  4160 | D:5      | Entered Level 5 of the Dungeon
  4466 | D:5      | Reached ** piety under Sif Muna
  4816 | D:5      | Found a broken altar of Ashenzari.
  5131 | D:5      | Found a stormy altar of Qazlal.
  5132 | D:5      | Found a glowing silver altar of Zin.
  5225 | D:6      | Found an iron altar of Okawaru.
  5457 | D:6      | Reached skill level 1 in Armour
  5555 | D:6      | Found a sand-covered staircase.
  5560 | Ossuary  | Entered an ossuary
  5612 | Ossuary  | Reached XP level 8. HP: 63/67 MP: 16/16
  5705 | Ossuary  | Reached *** piety under Sif Muna
  6148 | D:6      | Slain by an orc warrior

Illustrated notes

Levels and vault maps discovered:
D:1:      eino_arrival_cavern_e, layout_rooms
D:2:      layout_loops_cross, grunt_temple_overflow_diamond,
          brannock_xom_greatest_gift, uniq_terence
D:3:      layout_rooms, due_unseen_surprise
D:4:      layout_gridville, uniq_robin, uniq_ijyb
D:5:      layout_basic, evilmike_ruin_ashenzari, grunt_temple_overflow_open,
          lightli_corner_chamber
D:6:      layout_cave_pods, lemuel_round_altar, enter_ossuary_5

Skill      XL: |  1  2  3  4  5  6  7  8 |
---------------+-------------------------+-----
Spellcasting   | 4 5 |  5.7
Conjurations   | 2 3 |  3.1
Long Blades    | 1 2 3 4 |  4.3
Fighting       | 1 2 |  2.3
Summonings     | 2 3 |  3.2
Dodging        | 2 |  2.4
Armour         | 1 |  1.5
Stealth        | 4 |  4.4
Short Blades   | |  0.1
Translocations | |  1.4
Fire Magic     | |  0.1

Action                   |  1- 3 |  4- 6 |  7- 9 || total
-------------------------+-------+-------+-------++-------
Melee: Dagger            |    15 |       |       ||    15
       Falchion          |     3 |    53 |   153 ||   209
 Cast: Magic Dart        |    53 |   104 |    51 ||   208
       Call Imp          |     3 |    20 |    29 ||    52
       Blink             |       |     5 |     3 ||     8
       Conjure Flame     |       |     1 |       ||     1
  Use: Scroll            |       |    10 |     2 ||    12
       Potion            |       |     1 |     2 ||     3
 Stab: Sleeping          |       |     2 |     7 ||     9
       Distracted        |       |     1 |       ||     1
Armor: Robe              |     2 |    10 |       ||    12
       Leather armour    |       |       |    68 ||    68
Dodge: Dodged            |    24 |    35 |    94 ||   153
       Rpst.: Falchion   |     1 |     8 |    29 ||    38

Table legend: (Time is in decaauts)
 A = Elapsed time spent in this place.
 B = Non-inter-level travel time spent in this place.
 C = Inter-level travel time spent in this place.
 D = Time resting spent in this place.
 E = Time spent auto-exploring this place.
 F = Levels seen in this place.
 G = Mean time per level.
                   A        B        C        D        E       F      G
               +--------+--------+--------+--------+--------+-----+--------+
         Total |   7423 |   7256 |    167 |   1291 |   4242 |   7 | 1060.4 |
       Dungeon |   7007 |   6840 |    167 |   1291 |   4197 |   6 | 1167.8 |
       Ossuary |    416 |    416 |      0 |      0 |     45 |   1 |  416.0 |
               +--------+--------+--------+--------+--------+-----+--------+

Top non-repeatable levels by time:
     D:2: 1655 daAuts
     D:4: 1466 daAuts
     D:5: 1259 daAuts
     D:1: 1001 daAuts
     D:3: 816 daAuts
     D:6: 807 daAuts
 Ossuary: 416 daAuts
